 Dungeon Crawl Stone Soup version 0.31-a0-4-gefa6de2278 (webtiles) character file.

Game seed: 7231977552591528868

4370 Dittersdorf the Protected (level 10, -6/65 HPs)
             Began as a Gargoyle Fighter on May 3, 2023.
             Was a Priest of Okawaru.
             Killed from afar by a molten gargoyle (14 damage)
             ... with a bolt of magma
             ... on level 9 of the Dungeon.
             The game lasted 00:09:56 (7094 turns).

Dittersdorf the Protected (Gargoyle Fighter)        Turns: 7094, Time: 00:09:56

Health: -6/65      AC: 23    Str: 25    XL:     10   Next: 34%
Magic:  10/10      EV: 13    Int:  8    God:    Okawaru [***...]
Gold:   97         SH: 11    Dex:  9    Spells: 9/9 levels left

rFire   + . .        t - +7 whip of the Zealous God {freeze, rC+}
rCold   + + .        f - +1 kite shield
rNeg    + . .        a - +0 chain mail
rPois   ∞            (no helmet)
rElec   +            (no cloak)
rCorr   +            w - +0 pair of gloves
SInv    .            A - +2 pair of boots {Fly}
Will    .....        s - amulet of magic regeneration Stlth
                     m - +4 ring of slaying
HPRegen 0.30/turn    r - +5 ring of evasion
MPRegen 0.52/turn

%: no passive effects
@: resistant, flying
A: sickness immunity, AC +7, negative energy resistance 1, electricity
resistance, torment resistance 1, petrification resistance
a: Renounce Religion, Heroism


You were on level 9 of the Dungeon.
You worshipped Okawaru.
Okawaru was most pleased with you.
You visited 2 branches of the dungeon, and saw 10 of its levels.

You collected 490 gold pieces.
You spent 393 gold pieces at shops.

Inventory:

Hand Weapons
 o - a +1 morningstar of protection
 t - the +7 whip of the Zealous God (weapon) {freeze, rC+}
   (You bought it in a shop on level 6 of the Dungeon)

   rC:        It protects you from cold.
Missiles
 h - a throwing net
 k - 5 curare-tipped darts (quivered)
Armour
 a - a +0 chain mail (worn)
 f - a +1 kite shield (worn)
 w - a +0 pair of gloves (worn)
 A - a +2 pair of boots of flying (worn)
Jewellery
 m - a +4 ring of slaying (left hand)
 r - a +5 ring of evasion (right hand)
 s - an amulet of magic regeneration (around neck)
 x - a ring of ice
Wands
 D - a wand of flame (13)
Scrolls
 g - a scroll of blinking
 q - 2 scrolls of teleportation
 z - a scroll of enchant armour
Potions
 b - 2 potions of cancellation {unknown}
 c - 2 potions of haste {unknown}
 d - 3 potions of might
 e - a potion of berserk rage
 i - 2 potions of flight {unknown}
 j - 4 potions of lignification {unknown}
 l - a potion of heal wounds {unknown}
 p - a potion of invisibility {unknown}
 u - 4 potions of curing {unknown}
 v - 2 potions of ambrosia
 B - 2 potions of mutation


   Skills:
 + Level 8.7 Fighting
 + Level 7.7 Maces & Flails
 + Level 8.8 Armour
 + Level 8.8 Shields


You had 9 spell levels left.
You didn't know any spells.
Your spell library contained the following spells:

 Spells                   Type           Power      Damage    Failure   Level
 Necrotise                Necr           0%         1d4       97%         1
 Sandblast                Erth           0%         2d4       97%         1
 Sting                    Tmut/Pois      0%         1d3       97%         1
 Blink                    Tloc           0%         N/A       99%         2
 Lesser Beckoning         Tloc           0%         N/A       99%         2
 Momentum Strike          Conj/Tloc      0%         3d8       99%         2
 Passwall                 Tmut/Erth      0%         N/A       99%         2
 Poisonous Vapours        Pois/Air       0%         N/A       99%         2
 Dazzling Flash           Conj/Hex       0%         N/A       100%        3
 Stone Arrow              Conj/Erth      0%         3d7       100%        3
 Vampiric Draining        Necr           0%         2d6       100%        3
 Olgreb's Toxic Radiance  Pois           0%         N/A       100%        4
 Agony                    Necr           0%         N/A       100%        5
 Silence                  Hex/Air        0%         N/A       100%        5


Dungeon Overview and Level Annotations

Branches:
Dungeon (9/15)             Temple (1/1) D:6            Lair (0/5) D:8
    Orc: D:9-12

Altars:
Ashenzari
Dithmenos
Fedhas
Hepliaklqana
Kikubaaqudgha
Makhleb
Nemelex Xobeh
Okawaru
Qazlal
Trog
Uskayaw
Vehumet
Wu Jian
Xom
Yredelemnul
Zin
The Shining One

Shops:
D:3 [   D:6 (

Annotations:
D:9 Psyche


Innate Abilities, Weirdness & Mutations

You are immune to sickness and miasma.
Your stone body is resilient. (AC +7)
You are immune to poison.
You resist negative energy. (rN+)
You are resistant to electric shocks. (rElec)
You are resistant to unholy torment.
You are immune to petrification.


Message History

Psyche the Insane Magess comes into view.
She is wielding a +0 dagger of chaos.
The molten gargoyle hits you with a +0 mace.
You are engulfed in flames!
Psyche shouts!
You whack the molten gargoyle! You freeze the molten gargoyle.
The molten gargoyle is heavily damaged.
The molten gargoyle hits you with a +0 mace!
You are engulfed in flames!
You are too injured to fight recklessly!
You are too injured to fight recklessly!
You are too injured to fight recklessly!
You are too injured to fight recklessly!
You are too injured to fight recklessly!
You are too injured to fight recklessly!
You are too injured to fight recklessly!
You are too injured to fight recklessly!
You are too injured to fight recklessly!
You are too injured to fight recklessly!
You are too injured to fight recklessly!
You are too injured to fight recklessly!
You are too injured to fight recklessly!
You are too injured to fight recklessly!
You are too injured to fight recklessly!
You are too injured to fight recklessly!
Psyche mumbles some strange words.
A swirling arc of seething chaos appears!
The arc of chaos hits you but does no damage.
The arc of chaos hits the molten gargoyle.
The molten gargoyle resists.
Psyche barely misses you.
The molten gargoyle blasts magma at you!
The bolt of magma hits you!!
* * * LOW HITPOINT WARNING * * *
You closely miss Psyche.
Psyche laughs secretively.
Psyche hits you but does no damage.
You feel protected.
The molten gargoyle blasts magma at you!
The bolt of magma hits you! You partially resist.
You die...

#####.#.# ####....#.#
#.........###
#.##....../:.
##>##.........
#..........##.
#..........#
###.#######9............
#.....@@.......##.####..
###########....##.# ..
................# #
........#########
#######.## #.......#
#.......# #.......#
#.......#


You could see Psyche and a molten gargoyle.

Vanquished Creatures
  Pikel (D:8)
  2 molten gargoyles (D:8)
  2 steam dragons
  3 wargs (D:8)
  A water moccasin (D:8)
  An orc warrior (D:7)
  A sky beast (D:8)
  2 black bears
  2 ogres
  4 phantoms
  A centaur (D:8)
  2 lemures (D:8)
  2 kobold brigands (D:8)
  3 bullfrogs
  A gnoll sergeant (D:6)
  4 scorpions
  A water moccasin zombie (D:5)
  A centaur zombie (D:5)
  A howler monkey (D:4)
  3 bullfrog zombies (D:5)
  A jelly (D:6)
  A bullfrog skeleton (D:5)
  3 orc priests
  4 hounds
  2 iguanas
  2 scorpion zombies (D:5)
  A sleepcap (D:6)
  7 orc wizards
  A hound skeleton (D:5)
  A howler monkey zombie (D:5)
  5 adders
  7 gnolls
  2 howler monkey skeletons (D:5)
  2 white imps
  An ufetubus (D:6)
  3 worms
  3 dart slugs
  25 orcs
  8 bats
  9 endoplasms
  2 giant cockroaches
  4 goblins
  6 hobgoblins
  4 jackals (D:5)
  15 kobolds
  3 quokkas
  5 ball pythons
  3 rats
168 creatures vanquished.

Vanquished Creatures (others)
  An ufetubus (D:7)
  An orc (D:7)
  A kobold (D:8)
  A withered plant (D:5)
4 creatures vanquished.

Grand Total: 172 creatures vanquished

Notes
Turn   | Place    | Note
-------+----------+-------------------------------------------
     0 | D:1      | Dittersdorf the Gargoyle Fighter began the quest for the
                  | Orb.
     0 | D:1      | Reached XP level 1. HP: 14/14 MP: 1/1
   228 | D:1      | Reached XP level 2. HP: 17/19 MP: 2/2
   727 | D:2      | Reached XP level 3. HP: 23/23 MP: 3/3
  1512 | D:3      | Reached XP level 4. HP: 25/29 MP: 4/4
  1882 | D:3      | Found Kacusma's Armour Shop.
  1930 | D:3      | Reached XP level 5. HP: 33/33 MP: 5/5
  2378 | D:5      | Entered Level 5 of the Dungeon
  2414 | D:5      | Reached XP level 6. HP: 26/39 MP: 6/6
  2680 | D:4      | Reached skill level 5 in Armour
  2745 | D:4      | Reached skill level 5 in Fighting
  2745 | D:4      | Reached skill level 5 in Shields
  2748 | D:4      | Reached XP level 7. HP: 20/44 MP: 7/7
  3372 | D:5      | Reached XP level 8. HP: 37/51 MP: 8/8
  3451 | D:5      | Reached skill level 5 in Maces & Flails
  4090 | D:6      | Found Soaxziha's Antique Weapon Shoppe.
  4153 | D:6      | Found a staircase to the Ecumenical Temple.
  4163 | Temple   | Entered the Ecumenical Temple
  4171 | Temple   | Became a worshipper of Warmaster Okawaru
  4317 | D:6      | Identified the +6 mace of the Solstice {speed, rPois}
  4318 | D:6      | Reached XP level 9. HP: 56/56 MP: 9/9
  4558 | D:6      | Bought a bone whip for 157 gold pieces
  4558 | D:6      | Identified the +7 whip of the Zealous God {freeze, rC+}
                  | (You bought it in a shop on level 6 of the Dungeon)
  4631 | D:6      | Found a blossoming altar of Fedhas.
  4634 | D:6      | Found a glowing golden altar of the Shining One.
  4636 | D:6      | Found a radiant altar of Vehumet.
  4638 | D:6      | Found a shadowy altar of Dithmenos.
  4638 | D:6      | Found a shimmering altar of Xom.
  4639 | D:6      | Found a broken altar of Ashenzari.
  4647 | D:6      | Found an ancient bone altar of Kikubaaqudgha.
  5040 | D:7      | Reached * piety under Okawaru
  5654 | D:3      | Bought a +2 pair of boots of flying for 236 gold pieces
  5778 | D:8      | Found a staircase to the Lair.
  5800 | D:8      | Reached ** piety under Okawaru
  5882 | D:8      | Noticed Pikel
  5898 | D:8      | Killed Pikel
  5995 | D:8      | Reached XP level 10. HP: 23/64 MP: 10/10
  6161 | D:8      | Found a burning altar of Makhleb.
  6259 | D:8      | Reached *** piety under Okawaru
  6597 | D:9      | Noticed a molten gargoyle
  6598 | D:9      | Noticed a molten gargoyle
  6602 | D:9      | Noticed a molten gargoyle
  6787 | D:8      | Killed a molten gargoyle
  6909 | D:8      | Killed a molten gargoyle
  7089 | D:9      | Noticed Psyche
  7094 | D:9      | Killed from afar by a molten gargoyle

Illustrated notes

Levels and vault maps discovered:
D:1:      lightli_arrival_maybe_door_vault, layout_loops_ring
D:2:      minmay_general_purpose_star, layout_loops_ring
D:3:      layout_loops_ring, serial_shops, shop, minmay_checkerbox
D:4:      layout_gridville, glass_columns_a
D:5:      layout_cave_pods, serial_undead, serial_undead_b, serial_undead_a,
          serial_undead_d, serial_undead_a, nrook_campfire
D:6:      kennysheep_six_static_rooms, layout_cave_pools,
          nicolae_overflow_hallway_of_the_gods, minmay_temple_entry_ruins,
          chequers_serial_rivers_marsh, nicolae_inconvenience_store
D:7:      cheibrodos_helix_gallery, layout_basic, kennysheep_big_empty_room,
          kennysheep_cross_bottleneck
D:8:      layout_loops_ring, bloody_makhleb, erik_lair_orcish_takeover,
          uniq_pikel
D:9:      layout_basic, enter_bailey_2, minivault_8, uniq_psyche, uniq_erica,
          uniq_maurice
Temple:   eino_narrow_crystal_temple

Skill      XL: |  1  2  3  4  5  6  7  8  9 |
---------------+----------------------------+-----
Fighting       | 4 5 6 8 |  8.7
Armour         | 4 5 6 8 |  8.8
Shields        | 4 5 6 8 |  8.8
Maces & Flails | 3 4 5 7 |  7.7

Action                     |  1- 3 |  4- 6 |  7- 9 | 10-12 || total
---------------------------+-------+-------+-------+-------++-------
  Melee: Flail             |    86 |       |       |       ||    86
         Morningstar       |    10 |    92 |   202 |       ||   304
         Whip              |       |       |    95 |    54 ||   149
         Mace              |       |       |    18 |       ||    18
    Use: Scroll            |       |     6 |     5 |     4 ||    15
 Armour: Scale mail        |    38 |       |       |       ||    38
         Chain mail        |     4 |    59 |   242 |    20 ||   325
  Dodge: Dodged            |    21 |    69 |   247 |    22 ||   359
  Block: Kite shield       |    46 |    56 |   209 |    17 ||   328

Table legend: (Time is in decaauts)
 A = Elapsed time spent in this place.
 B = Non-inter-level travel time spent in this place.
 C = Inter-level travel time spent in this place.
 D = Time resting spent in this place.
 E = Time spent auto-exploring this place.
 F = Levels seen in this place.
 G = Mean time per level.
                   A        B        C        D        E       F      G
               +--------+--------+--------+--------+--------+-----+--------+
         Total |   7240 |   6748 |    492 |    924 |   4438 |  10 |  724.0 |
       Dungeon |   7224 |   6746 |    478 |    924 |   4438 |   9 |  802.7 |
        Temple |     16 |      2 |     14 |      0 |      0 |   1 |   16.0 |
               +--------+--------+--------+--------+--------+-----+--------+

Top non-repeatable levels by time:
     D:8: 1256 daAuts
     D:5: 979 daAuts
     D:6: 972 daAuts
     D:3: 871 daAuts
     D:7: 861 daAuts
     D:1: 770 daAuts
     D:2: 762 daAuts
     D:4: 690 daAuts
     D:9: 58 daAuts
  Temple: 16 daAuts
